 Dungeon Crawl Stone Soup version 0.17-a0-1760-ga6756ae (webtiles) character file.

71 kosy22 the Grasshopper (level 4, -5/37 HPs)
             Began as a Draconian Warper on Sept 3, 2015.
             Shot with a stone by a goblin (6 damage)
             ... on level 2 of the Dungeon.
             The game lasted 00:08:08 (1371 turns).

kosy22 the Grasshopper (Draconian Warper)           Turns: 1371, Time: 00:08:08

Health: -5/37      AC:  5    Str: 14    XL:     4   Next: 5%
Magic:  1/7        EV: 12    Int: 14    God:
Gold:   42         SH:  0    Dex: 10    Spells: 3 memorised, 2 levels left

rFire  . . .     SeeInvis .     a - +0 hand axe
rCold  . . .     Clarity  .     (armour unavailable)
rNeg   . . .     SustAt   .     (no shield)
rPois  .         Gourm    .     (helmet restricted)
rElec  .         Spirit   .     (no cloak)
rCorr  .         Warding  .     (no gloves)
rMut   .         Stasis   .     (no boots)
MR     .....                    (no amulet)
Stlth  +.........               (no ring)
                                (no ring)

@: very slightly contaminated, not resistant to hostile enchantments, very
unstealthy
A: unfitting armour, cold-blooded, AC +5
a: no special abilities


You were on level 2 of the Dungeon.
You were not hungry.

You visited 1 branch of the dungeon, and saw 2 of its levels.

You collected 42 gold pieces.

Inventory:

Hand weapons
 a - a +0 hand axe (weapon)
 o - a -2 dagger
Missiles
 d - 5 tomahawks of dispersal (quivered)
Scrolls
 c - a scroll of blinking
 k - a scroll of fog
 p - a scroll of identify
Potions
 f - a potion of haste
 g - a potion of flight {unknown}
 i - 2 potions of brilliance {unknown}
 j - a potion of resistance {unknown}
 l - a potion of curing {unknown}
 n - a potion of might {unknown}
Books
 b - a book of Spatial Translocations

   Spells                             Type                      Level
   a - Apportation                    Translocation                1
   b - Blink                          Translocation                2
   c - Shroud of Golubria             Charms/Translocation         2
   d - Portal Projectile              Translocation                3
   e - Teleport Other                 Translocation                3
   f - Passage of Golubria            Translocation                4
Comestibles
 e - a bread ration
 m - a meat ration


   Skills:
 + Level 2.5 Fighting
 + Level 2.4 Axes
 + Level 1.0 Throwing
 + Level 3.1 Dodging
 + Level 0.4 Stealth
 + Level 2.1 Spellcasting
 + Level 3.4 Translocations


You had 2 spell levels left.
You knew the following spells:

 Your Spells              Type           Power        Failure   Level  Hunger
a - Apportation           Tloc           ##........   10%         1    #......
b - Blink                 Tloc           N/A          12%         2    ###....
c - Shroud of Golubria    Chrm/Tloc      #.........   21%         2    ###....


Dungeon Overview and Level Annotations

Branches:
Dungeon (2/15)

Altars:


Innate Abilities, Weirdness & Mutations

Your plain brown scales are hard (AC +5).
Your body does not fit into most forms of armour.
You are cold-blooded and may be slowed by cold attacks.


Message History

You blink.
The adder bites you.
* * * LOW HITPOINT WARNING * * *
The goblin shoots a stone.
The stone closely misses you.
The stone closely misses the adder.
The adder bites you but does no damage.
Read which item? (? for menu, Esc to quit)
Okay, then.
Welcome back, kosy22 the Draconian Warper.
Press ? for a list of commands and other information.
Welcome back, kosy22 the Draconian Warper.
Press ? for a list of commands and other information.
The adder barely misses you. The adder bites you but does no damage.
The adder bites you.
* * * LOW HITPOINT WARNING * * *
You see here a club.
The adder barely misses you.
The goblin shoots a stone.
The stone hits you.
You die...

,* **.*,**,..#***##.......#
,******* *.#.,,,,..#****##......#
,,,,,,,* *#...***...,,,* ##....?#
******,*###...####.#**,#####.#..#
*,,,$......##.# *,(.........
*****#...#.##.# **#.........
*#.#<..#.#####.###.#..#
**####.................#...
*,........@S.#####g#####.†.
*,*###.....>)# #.# #... *,*
#.#...#.#####.#####.#. *******,*
#,##.##..g..........#. ,,,,,,*,**
#.*#.#..........#####. ,****,,,,*
#.##....###.....#####( ,*
**,,*,**#.......# #...(....... ,*
*,,,*,.g###.....###.....###### ,*
*,*****.................#


You could see an adder and a goblin.

Vanquished Creatures
  3 adders (D:2)
  An ooze (D:1)
  A worm (D:2)
  A giant gecko (D:1)
  4 goblins (D:1)
  5 hobgoblins
  6 kobolds (D:1)
  8 bats
  A giant cockroach (D:2)
  2 giant newts
  7 rats
39 creatures vanquished.

Notes
Turn   | Place    | Note
--------------------------------------------------------------
     0 | D:1      | kosy22 the Draconian Warper began the quest for the Orb.
     0 | D:1      | Reached XP level 1. HP: 17/17 MP: 3/3
   498 | D:1      | Reached XP level 2. HP: 21/24 MP: 5/5
   503 | D:1      | Learned a level 2 spell: Blink
   739 | D:1      | Reached skill level 1 in Throwing
   925 | D:1      | Reached XP level 3. HP: 28/30 MP: 6/6
   988 | D:1      | Learned a level 2 spell: Shroud of Golubria
  1321 | D:2      | Reached XP level 4. HP: 16/37 MP: 7/7
  1351 | D:2      | HP: 1/37 [adder (3)]
  1360 | D:2      | HP: 1/37 [adder (1)]
  1368 | D:2      | HP: 1/37 [adder (1)]
  1371 | D:2      | Shot with a stone by a goblin

Vault maps used:
D:1:      tarquinn_simple_flora_water_b
D:2:      minmay_distorted

Action                   |  1- 3 |  4- 6 || total
-------------------------+-------+-------++-------
Melee: Hand axe          |   136 |     2 ||   138
 Cast: Apportation       |     1 |       ||     1
       Blink             |     1 |     3 ||     4
       Shroud of Golubri |       |     1 ||     1
  Use: Scroll            |     6 |     1 ||     7
 Stab: Sleeping          |     1 |       ||     1
  Eat: Bread ration      |     1 |       ||     1
